 Dungeon Crawl Stone Soup version 0.29.1-15-g9cfb28693d (webtiles) character file.

Game seed: 8099406364784250505

113255 LustLizard the Brawler (level 16, 0/169 HPs)
             Began as a Troll Fighter on Mar 30, 2023.
             Was the Champion of Wu Jian.
             Slain by Qaatiyw's ghost (1 damage)
             ... on level 2 of the Lair of Beasts.
             The game lasted 01:00:32 (28618 turns).

LustLizard the Brawler (Troll Fighter)             Turns: 28618, Time: 01:00:33

Health: 0/169      AC: 11    Str: 28    XL:     16   Next: 13%
Magic:  15/15      EV: 11    Int: 10    God:    Wu Jian [******]
Gold:   1792       SH: 17    Dex:  9    Spells: 9/15 levels left

rFire   x . .      SeeInvis .     - Unarmed
rCold   + . .      Faith    .   b - +1 kite shield
rNeg    . . .      Spirit   .   y - +0 acid dragon scales
rPois   +          Reflect  +   (helmet restricted)
rElec   .          Harm     .   Q - +2 cloak {rPois}
rCorr   +          Rampage  .   (gloves unavailable)
Will    +....                   (boots unavailable)
Stlth   +.........              U - amulet of reflection
HPRegen 1.18/turn               I - ring of ice
MPRegen 0.14/turn               p - +4 ring of slaying

@: studying 2 skills
A: large, unfitting armour, claws 3, regeneration 1, shaggy fur 1, tough skin 1
a: Renounce Religion, Wall Jump, Serpent's Lash, Heavenly Storm


You were on level 2 of the Lair of Beasts.
You worshipped Wu Jian.
Wu Jian was exalted by your worship.
You visited 4 branches of the dungeon, and saw 23 of its levels.
You also visited: Ossuary, Bailey and Ice Cave.

You collected 2909 gold pieces.
You spent 1117 gold pieces at shops.

Inventory:

Hand Weapons
 K - the +6 whip "Goblinbane" {vorpal, rElec Dex+3}
   (You found it on level 8 of the Dungeon)

   It inflicts extra damage upon your enemies.
   Dex:       It affects your dexterity (+3).
   rElec:     It insulates you from electricity.
Missiles
 i - 54 poisoned darts
 q - 42 boomerangs (quivered)
 R - 14 atropa-tipped darts
 S - 7 curare-tipped darts
Armour
 b - a +1 kite shield (worn)
 y - +0 acid dragon scales (worn)
 C - a scarf of resistance
 Q - a +2 cloak of poison resistance (worn)
Jewellery
 a - an amulet of magic regeneration
 g - a +6 ring of intelligence
 h - a ring of fire
 p - a +4 ring of slaying (right claw)
 s - a +4 ring of evasion
 x - a ring of flight
 F - an amulet of guardian spirit
 I - a ring of ice (left claw)
 N - a +6 ring of intelligence
 U - an amulet of reflection (around neck)
Wands
 l - a wand of digging (3)
 w - a wand of flame (67)
 J - a wand of iceblast (16)
 T - a wand of charming (9)
 W - a wand of light (6)
Scrolls
 f - 7 scrolls of immolation
 j - 3 scrolls of blinking
 k - 6 scrolls of teleportation
 r - 4 scrolls of fear
 t - 4 scrolls of magic mapping
 v - 2 scrolls of butterflies
 G - a scroll of identify
 L - a scroll of brand weapon
 M - 5 scrolls of enchant weapon
 O - 2 scrolls of poison
 P - a scroll of amnesia
Potions
 c - 3 potions of might
 d - 8 potions of haste
 e - 15 potions of curing
 m - 3 potions of heal wounds
 n - 7 potions of mutation
 o - 4 potions of brilliance
 z - 2 potions of resistance
 A - 4 potions of berserk rage
 B - a potion of flight
 D - 6 potions of magic
 E - 3 potions of cancellation
 H - 3 potions of invisibility
Miscellaneous
 u - a phantom mirror
 V - a tin of tremorstones (2/2)


   Skills:
 + Level 13.1 Fighting
 - Level 9.9 Dodging
 + Level 13.1 Shields
 * Level 19.3 Unarmed Combat


You had 9 spell levels left.
You knew the following spells:

 Your Spells              Type           Power      Damage    Failure   Level
a - Statue Form           Tmut/Erth      0%         N/A       100%        6

Your spell library contained the following spells:

 Spells                   Type           Power      Damage    Failure   Level
 Necrotise                Necr           0%         1d4       61%         1
 Ensorcelled Hibernation  Hex/Ice        0%         N/A       75%         2
 Passwall                 Tmut/Erth      0%         N/A       75%         2
 Ozocubu's Armour         Ice            0%         N/A       93%         3
 Swiftness                Air            0%         N/A       93%         3
 Tukima's Dance           Hex            0%         N/A       93%         3
 Vampiric Draining        Necr           0%         2d6       93%         3
 Fulminant Prism          Conj/Hex       0%         3d6       100%        4
 Hailstorm                Conj/Ice       0%         3d3       100%        4
 Ice Form                 Ice/Tmut       0%         N/A       100%        4
 Iskenderun's Mystic Bla  Conj/Tloc      0%         2d3       100%        4
 Leda's Liquefaction      Hex/Erth       0%         N/A       100%        4
 Passage of Golubria      Tloc           0%         N/A       100%        4
 Summon Ice Beast         Ice/Summ       0%         N/A       100%        4
 Agony                    Necr           0%         N/A       100%        5
 Lee's Rapid Deconstruct  Erth           0%         3d5*      100%        5
 Summon Mana Viper        Hex/Summ       0%         N/A       100%        5
 Yara's Violent Unravell  Hex/Tmut       0%         3d3       100%        5
 Simulacrum               Ice/Necr       0%         N/A       100%        6
 Monstrous Menagerie      Summ           0%         N/A       100%        7
 Ozocubu's Refrigeration  Ice            0%         4d7       100%        7


Dungeon Overview and Level Annotations

Branches:
Dungeon (15/15)            Temple (1/1) D:4            Lair (5/5) D:9
  Swamp (0/4) Lair:2       Spider (0/4) Lair:2        Slime (0/5) Lair:5
    Orc (2/2) D:10            Elf (0/3) Orc:2        Vaults (0/5) D:14
 Depths (0/4) D:15        Ossuary (visited)          Bailey (visited)
  IceCv (visited)

Altars:
Ashenzari
Cheibriados
Dithmenos
Elyvilon
Fedhas
Gozag
Hepliaklqana
Kikubaaqudgha
Makhleb
Nemelex Xobeh
Okawaru
Qazlal
Ru
Sif Muna
Trog
Uskayaw
Vehumet
Wu Jian
Xom
Yredelemnul
Zin
The Shining One

Shops:
D:9 [   Orc:1 *   Orc:2 ::!=

Annotations:
D:15 3 runed translucent doors, Sylig's ghost, journeyman CeMo
Lair:2 1 transporter, Qaatiyw's ghost, journeyman DjSu
Lair:5 4 runed translucent doors, exclusions: obsidian statue and 4 oklob plants, LustLizard's ghost, journeyman HOFE


Innate Abilities, Weirdness & Mutations

You are too large for most types of armour.
You have claws for hands.
Your natural rate of healing is unusually fast.
You are covered in fur. (AC +1)
You have tough skin. (AC +1)


Message History

* * * LOW HITPOINT WARNING * * *
You see here a black mamba corpse.
Unknown command.
The lightning spire shoots out a bolt of lightning at you!
The bolt of electricity hits the cane toad.
The bolt of electricity misses you. The bolt of electricity hits you.
* * * LOW HITPOINT WARNING * * *
Unknown command.
As you read the scroll of fear, it crumbles to dust.
You assume a fearsome visage.
Qaatiyw's ghost is unaffected.
The cane toad is unaffected.
The lightning spire is unaffected.
The moth of wrath looks frightened!
You block the cane toad's attack.
The lightning spire shoots out a bolt of lightning at you!
The bolt of electricity hits the cane toad!
The bolt of electricity hits you!
* * * LOW HITPOINT WARNING * * *
The bolt of electricity hits you.
* * * LOW HITPOINT WARNING * * *
The cane toad stings you!!
* * * LOW HITPOINT WARNING * * *
Qaatiyw's ghost hits you.
* * * LOW HITPOINT WARNING * * *
Qaatiyw's ghost freezes you.
* * * LOW HITPOINT WARNING * * *
You feel much better. You block the cane toad's attack.
The lightning spire shoots out a bolt of lightning at you!
The bolt of electricity hits the cane toad!
The cane toad dies!
The bolt of electricity hits you!
* * * LOW HITPOINT WARNING * * *
The bolt of electricity hits you.
* * * LOW HITPOINT WARNING * * *
Qaatiyw's ghost gestures wildly while chanting.
Okay, then.
You miss Qaatiyw's ghost.
Qaatiyw's ghost is moderately damaged.
Qaatiyw's ghost hits you.
* * * LOW HITPOINT WARNING * * *
Qaatiyw's ghost freezes you.
You die...

.........................#
........................##
........................##
...................###...#
...............#####.##..#
..............##......#..#
.............##....#..##.#
.............#©.W#.§/#.#.##
...........÷.##5@##.#. #.P#
.............©#.#†..#$##.##
.#####.##..#.##.....#?#...#
## #######.#...#©8["#©..# #
#.#.#...#.$#...# #
######.##.#..y..##..# #
####.P#.#..#.?.#.#..#..# ##
#.#.....##.#...#.#..#..# .#
##.........#.......##..#


You could see a moth of wrath (fleeing), a lightning spire (summoned), Qaatiyw's
ghost and a shadow imp (summoned).

Vanquished Creatures
  Kirke (D:15)
  A frost giant (D:15)
  Roxanne (D:14)
  2 quicksilver oozes (IceCv)
  A dire elephant (Lair:5)
  Snorg (Orc:2)
  An ettin (Orc:2)
  A vault guard (D:14)
  7 hydras
  7 boulder beetles
  3 centaur warriors
  2 catoblepae
  6 two-headed ogres
  17 death yaks
  3 tengu warriors
  Urug (Orc:2)
  4 orc high priests (Orc:2)
  4 skeletal warriors (D:15)
  A spectral death yak (Lair:5)
  A spectral anaconda (Lair:5)
  The ghost of Wiggles the Cleaver, a novice MiBe of Trog (D:7)
  A glowing orange brain (D:15)
  3 necromancers (Lair:5)
  An orange crystal statue (IceCv)
  A lindwurm (Lair:5)
  The ghost of hndcvy the Chopper, a novice MiFi of Okawaru (D:5)
  A wizard (D:15)
  12 orc knights
  15 ugly things (D:15)
  A deep elf pyromancer (D:15)
  9 orc sorcerers
  A cyclops (shapeshifter) (D:15)
  5 cyclopes
  3 manticores
  9 slime creatures
  7 black mambas
  A moth of wrath (D:7)
  A dire elephant zombie (Lair:5)
  26 elephants
  15 cane toads
  A torpor snail (Lair:2)
  A gargoyle (D:10)
  3 kobold demonologists (D:11)
  A rime drake (Lair:3)
  6 komodo dragons
  An efreet (D:13)
  2 tengu conjurers
  4 trolls
  A polar bear (Lair:2)
  The ghost of AutumnRavn the Poker, an amateur MfBe of Trog (D:4)
  The ghost of KreenWarrior the Trooper, an amateur DsMo of Dithmenos (D:5)
  A wind drake (shapeshifter) (D:14)
  2 blink frogs (shapeshifter) (D:15)
  2 spectral elephants (Lair:5)
  3 blink frogs (Lair:5)
  3 dream sheep (Lair:2)
  Sigmund (D:4)
  A centaur simulacrum (D:14)
  A shadow (D:12)
  2 fire bats (Lair:2)
  3 wraiths
  A dire elephant simulacrum (Lair:5)
  5 wyverns
  2 hogs (D:15)
  A fire elemental (Lair:2)
  42 yaks
  4 basilisks
  A redback (Lair:2)
  2 wargs
  6 acid dragons
  14 vampire mosquitoes
  A spectral cane toad (Lair:5)
  2 nagas (shapeshifter)
  11 water moccasins
  25 orc warriors
  3 ice beasts
  2 great orb of eyes simulacra (IceCv)
  3 black bears
  2 sky beasts
  An elephant zombie (Lair:5)
  6 ogres
  6 wolves
  6 centaurs
  A phantom (D:5)
  11 kobold brigands
  12 bullfrogs
  4 gnoll sergeants
  A necrophage (D:8)
  6 glowing shapeshifter simulacra (IceCv)
  4 scorpions
  A cane toad simulacrum (Lair:5)
  5 wights
  24 killer bees
  A howler monkey (D:12)
  2 electric eels
  2 hounds
  2 gnoll boudas
  A jelly (D:6)
  13 orc priests
  Crazy Yiuf (D:5)
  Natasha (thrice) (D:2)
  Terence (D:3)
  2 iguanas
  20 orc wizards
  5 hell rats
  2 scorpion simulacra (D:4)
  9 mummies
  Robin (D:4)
  21 gnolls
  3 adders
  A hound simulacrum (D:4)
  A white imp (D:4)
  3 worms
  3 dart slugs
  An adder simulacrum (D:4)
  41 orcs
  11 ball pythons
  6 endoplasms
  3 giant cockroaches
  A gnoll zombie (Ossuary)
  15 goblins
  10 hobgoblins
  7 jackals
  26 kobolds
  5 quokkas
  2 hobgoblin zombies (Ossuary)
  2 kobold zombies (Ossuary)
  3 orc zombies (Ossuary)
  A quokka simulacrum (D:4)
  5 rats
671 creatures vanquished.

Vanquished Creatures (collateral kills)
  A hydra (Lair:5)
  A slime creature (IceCv)
  A cane toad (Lair:5)
3 creatures vanquished.

Vanquished Creatures (others)
  A cane toad (Lair:2)
  38 fungi
  40 plants
  18 withered plants (Lair:5)
97 creatures vanquished.

Grand Total: 771 creatures vanquished

Notes
Turn   | Place    | Note
-------+----------+-------------------------------------------
     0 | D:1      | LustLizard the Troll Fighter began the quest for the Orb.
     0 | D:1      | Reached XP level 1. HP: 22/22 MP: 0/0
   148 | D:1      | Reached XP level 2. HP: 29/29 MP: 1/1
   585 | D:1      | Found a faded altar of an unknown god.
   967 | D:2      | Reached XP level 3. HP: 33/36 MP: 2/2
  1070 | D:2      | Reached skill level 3 in Unarmed Combat
  1154 | D:2      | Noticed Natasha
  1162 | D:2      | Killed Natasha
  1163 | D:2      | Reached XP level 4. HP: 32/44 MP: 3/3
  1358 | D:2      | Found an opulent altar of Gozag.
  1441 | D:2      | Noticed Natasha
  1451 | D:2      | Killed Natasha
  1547 | D:2      | Noticed Natasha
  1552 | D:2      | Killed Natasha
  1582 | D:2      | Reached XP level 5. HP: 53/53 MP: 4/4
  1660 | D:3      | Reached skill level 4 in Unarmed Combat
  1730 | D:3      | Found an ancient bone altar of Kikubaaqudgha.
  1802 | D:3      | Found a snail-covered altar of Cheibriados.
  2105 | D:3      | Noticed Terence
  2115 | D:3      | Killed Terence
  2415 | D:4      | Found a runed translucent gate.
  2424 | D:4      | Found a staircase to the Ecumenical Temple.
  2437 | D:4      | Noticed a centaur
  2456 | D:4      | Killed a centaur
  2457 | D:4      | Reached XP level 6. HP: 28/61 MP: 5/5
  2584 | Temple   | Entered the Ecumenical Temple
  2759 | D:4      | You fall into a shaft and drop 1 floor!
  2759 | D:5      | Entered Level 5 of the Dungeon
  2931 | D:4      | Reached skill level 5 in Unarmed Combat
  2991 | D:4      | Noticed Robin
  3018 | D:4      | Killed Robin
  3037 | D:4      | Noticed Sigmund
  3049 | D:4      | Killed Sigmund
  3050 | D:4      | Reached XP level 7. HP: 70/70 MP: 6/6
  3065 | D:4      | Reached skill level 6 in Unarmed Combat
  3080 | D:4      | Noticed AutumnRavn's ghost (amateur MfBe)
  3178 | D:4      | Found a runed translucent gate.
  3179 | D:4      | Found a runed translucent gate.
  3428 | D:5      | Found a hazy altar of Hepliaklqana.
  3524 | D:5      | Found an iron altar of Okawaru.
  3594 | D:5      | Found a blossoming altar of Fedhas.
  4027 | D:5      | Found a runed translucent gate.
  4027 | D:5      | Found a runed translucent gate.
  4027 | D:5      | Found a runed translucent gate.
  4028 | D:5      | Noticed KreenWarrior's ghost (amateur DsMo)
  4029 | D:5      | Noticed hndcvy's ghost (novice MiFi)
  4449 | D:5      | Found a runed translucent door.
  4450 | D:5      | Noticed Crazy Yiuf
  4455 | D:5      | Killed Crazy Yiuf
  4456 | D:5      | Reached skill level 5 in Shields
  4456 | D:5      | Reached XP level 8. HP: 79/79 MP: 7/7
  4575 | D:6      | Found a shimmering blue altar of Sif Muna.
  4695 | D:6      | Reached skill level 7 in Unarmed Combat
  4949 | D:6      | Identified the +1 dagger "Weoc" {protect, rF++}
  4952 | D:6      | Found an opulent altar of Gozag.
  5348 | D:6      | Reached skill level 5 in Fighting
  5746 | D:6      | Reached skill level 8 in Unarmed Combat
  5997 | D:7      | Reached XP level 9. HP: 86/88 MP: 8/8
  6069 | D:7      | Reached skill level 9 in Unarmed Combat
  6145 | D:7      | Found a sand-covered staircase.
  6161 | Ossuary  | Entered an ossuary
  6547 | D:7      | Noticed a two-headed ogre
  6548 | D:7      | Found a bloodstained altar of Trog.
  6549 | D:7      | Noticed Wiggles's ghost (novice MiBe)
  6549 | D:7      | Noticed a moth of wrath
  6567 | D:7      | Found a transporter.
  6570 | D:7      | Found a transporter.
  7013 | D:8      | Noticed a centaur warrior
  7378 | D:7      | HP: 3/89 [killer bee (2)]
  7667 | D:8      | Noticed a boulder beetle
  7896 | D:4      | Killed AutumnRavn's ghost
  8205 | D:8      | Reached skill level 10 in Unarmed Combat
  8370 | D:8      | Killed a centaur warrior
  8371 | D:8      | Reached XP level 10. HP: 60/100 MP: 9/9
  8430 | D:8      | Identified the +6 whip "Goblinbane" {vorpal, rElec Dex+3}
  8549 | D:8      | Found a stormy altar of Qazlal.
  8550 | D:8      | Found an ornate altar of the Wu Jian Council.
  8551 | D:8      | Found a bloodstained altar of Trog.
  8552 | D:8      | Found a sacrificial altar of Ru.
  8558 | D:8      | Became a worshipper of the Wu Jian Council
  8620 | D:8      | Killed a boulder beetle
  8809 | D:8      | Found a radiant altar of Vehumet.
  9183 | D:8      | Reached skill level 11 in Unarmed Combat
  9290 | D:9      | Reached * piety under Wu Jian
  9413 | D:9      | Found a staircase to the Lair.
  9617 | D:9      | Found Abbasis's Armour Emporium.
  9624 | D:9      | Bought a +0 cloak of poison resistance for 119 gold pieces
  9740 | D:9      | Found a shadowy altar of Dithmenos.
  9972 | D:10     | Entered Level 10 of the Dungeon
  9972 | D:10     | Found a flagged portal.
 10010 | D:10     | Noticed a two-headed ogre
 10019 | D:10     | Killed a two-headed ogre
 10077 | D:10     | Noticed a gargoyle
 10084 | D:10     | Killed a gargoyle
 10126 | D:10     | Reached XP level 11. HP: 94/109 MP: 10/10
 10135 | Bailey   | Entered a bailey
 10159 | Bailey   | Reached ** piety under Wu Jian
 10288 | Bailey   | Found an iron altar of Okawaru.
 10394 | D:10     | Noticed a two-headed ogre
 10490 | D:10     | Reached skill level 5 in Dodging
 10499 | D:10     | Reached skill level 12 in Unarmed Combat
 10611 | D:10     | Found a staircase to the Orcish Mines.
 10875 | D:10     | Found a white marble altar of Elyvilon.
 10933 | D:10     | Identified the +1 dagger of Dominance {flame, rF+}
 11437 | D:11     | Noticed a boulder beetle
 11447 | D:11     | Killed a boulder beetle
 11745 | D:11     | Noticed a two-headed ogre
 11773 | D:11     | Killed a two-headed ogre
 12056 | D:11     | Noticed a six-headed hydra
 12198 | D:11     | Killed a six-headed hydra
 12438 | D:11     | Reached *** piety under Wu Jian
 12439 | D:11     | Noticed a sun demon
 13010 | D:12     | Reached skill level 13 in Unarmed Combat
 13024 | D:12     | Noticed an orc sorcerer
 13024 | D:12     | Noticed an orc knight
 13053 | D:12     | Killed an orc sorcerer
 13206 | D:12     | Identified the +5 spear of Propriety {spect, *Corrode rPois
                  | MP+9 Dex+2}
 13214 | D:12     | Noticed a boulder beetle
 13239 | D:12     | Killed a boulder beetle
 13399 | D:12     | Killed an orc knight
 13400 | D:12     | Reached XP level 12. HP: 83/120 MP: 11/11
 13440 | D:12     | Noticed a two-headed ogre
 13444 | D:12     | Killed a two-headed ogre
 14680 | D:13     | Noticed a centaur warrior
 14684 | D:13     | Killed a centaur warrior
 14775 | D:13     | Noticed a tengu warrior
 14785 | D:13     | Killed a tengu warrior
 14948 | D:13     | Noticed a four-headed hydra
 14957 | D:13     | Killed a four-headed hydra
 14958 | D:13     | Reached skill level 14 in Unarmed Combat
 15258 | Lair:1   | Entered Level 1 of the Lair of Beasts
 15349 | Lair:1   | Reached **** piety under Wu Jian
 16126 | Lair:2   | Noticed a boulder beetle
 16163 | Lair:2   | Reached skill level 10 in Shields
 16215 | Lair:1   | Reached XP level 13. HP: 118/131 MP: 12/12
 16375 | Lair:2   | Reached skill level 15 in Unarmed Combat
 16613 | Lair:2   | Noticed Qaatiyw's ghost (journeyman DjSu)
 16621 | Lair:2   | Found a transporter.
 16667 | Lair:2   | Found a transporter.
 16817 | Lair:2   | Found a hole to the Spider Nest.
 17060 | Lair:2   | Found a staircase to the Swamp.
 17804 | Lair:3   | Found the +8 storm bow {elec, penet}
 18492 | Lair:3   | Reached ***** piety under Wu Jian
 18817 | Lair:4   | Reached skill level 10 in Fighting
 18960 | Lair:4   | Reached skill level 16 in Unarmed Combat
 19101 | Lair:4   | Reached XP level 14. HP: 143/143 MP: 13/13
 19520 | Lair:5   | Entered Level 5 of the Lair of Beasts
 19642 | Lair:5   | Found a runed translucent gate.
 19642 | Lair:5   | Found a runed translucent gate.
 19642 | Lair:5   | Found a runed translucent gate.
 19650 | Lair:5   | Noticed LustLizard's ghost (journeyman HOFE)
 19744 | Lair:5   | Found a runed translucent door.
 19990 | Orc:1    | Entered Level 1 of the Orcish Mines
 20019 | Orc:1    | Found Zupio's Assorted Antiques.
 20828 | Orc:2    | Entered Level 2 of the Orcish Mines
 20837 | Orc:2    | Found a staircase to the Elven Halls.
 21127 | Orc:2    | Reached ****** piety under Wu Jian
 21235 | Orc:2    | Found Vid Qie's Book Boutique.
 21262 | Orc:2    | Reached skill level 17 in Unarmed Combat
 21392 | Orc:2    | Noticed Snorg
 21403 | Orc:2    | Killed Snorg
 21577 | Orc:2    | Noticed Urug
 21595 | Orc:2    | Killed Urug
 22034 | Orc:2    | Found Muiles's Distillery.
 22041 | Orc:2    | Found Areaff's Jewellery Shoppe.
 22043 | Orc:2    | Found Keumel's Book Boutique.
 22183 | Orc:2    | Bought a potion of might for 44 gold pieces
 22183 | Orc:2    | Bought a potion of invisibility for 88 gold pieces
 22183 | Orc:2    | Bought 3 potions of haste for 330 gold pieces
 22183 | Orc:2    | Bought a potion of curing for 33 gold pieces
 22183 | Orc:2    | Bought a potion of invisibility for 88 gold pieces
 22183 | Orc:2    | Bought a potion of heal wounds for 55 gold pieces
 22664 | D:14     | Identified a scroll of acquirement
 22666 | D:14     | Acquired a manual of Fighting
 23073 | Orc:2    | Bought an amulet of reflection for 360 gold pieces
 23326 | D:14     | Noticed Roxanne
 23341 | D:14     | Killed Roxanne
 23352 | D:14     | Learned a level 6 spell: Statue Form
 23433 | D:14     | Found a gate to the Vaults.
 23558 | D:15     | Entered Level 15 of the Dungeon
 23569 | D:15     | Reached XP level 15. HP: 153/153 MP: 14/14
 23738 | D:15     | Found a frozen archway.
 23793 | D:15     | Noticed a frost giant
 23811 | D:15     | Killed a frost giant
 23925 | IceCv    | Entered an ice cave
 23971 | IceCv    | Noticed an azure jelly
 24093 | IceCv    | Found the +0 pair of fencer's gloves {Riposte Dex+3}
 24104 | IceCv    | Reached skill level 18 in Unarmed Combat
 24759 | D:15     | Found a runed translucent gate.
 24759 | D:15     | Found a runed translucent gate.
 24759 | D:15     | Found a runed translucent gate.
 25196 | D:15     | Found a staircase to the Depths.
 25404 | D:15     | Noticed Kirke
 25416 | D:15     | Killed Kirke
 26733 | Lair:5   | Noticed an acid blob
 26740 | Lair:5   | Found a staircase to the Slime Pits.
 26740 | Lair:5   | Noticed an acid blob
 27166 | Lair:5   | Reached skill level 19 in Unarmed Combat
 27599 | D:5      | Killed hndcvy's ghost
 27604 | D:5      | Killed KreenWarrior's ghost
 27820 | D:7      | Reached XP level 16. HP: 151/167 MP: 15/15
 27828 | D:7      | Killed Wiggles's ghost
 28334 | D:15     | Found a runed translucent gate.
 28334 | D:15     | Found a runed translucent gate.
 28344 | D:15     | Found a runed translucent gate.
 28347 | D:15     | Noticed Sylig's ghost (journeyman CeMo)
 28616 | Lair:2   | HP: 5/169 [cane toad (25)]
 28616 | Lair:2   | HP: 2/169 [Qaatiyw's ghost (3)]
 28618 | Lair:2   | Slain by Qaatiyw's ghost

Illustrated notes

Levels and vault maps discovered:
D:1:      nzn_arrival_depleted_hourglass, layout_basic,
          shapermc_ecumenical_altar_mp_ritualfount
D:2:      layout_loops_ring, basic_altar, minmay_fractal_squares_gapless_5,
          uniq_natasha
D:3:      layout_basic, mainiacjoe_overflow_concentric_impassable,
          kennysheep_slug_shrine, nrook_uturn, uniq_terence
D:4:      layout_cave_pools, minmay_temple_entry_grid, serial_column_ruins,
          column_ruins_hut_water, column_ruins_grid_3, column_ruins_open_medium,
          column_ruins_open_small, column_ruins_open_medium,
          column_ruins_open_small_water, column_ruins_grid_4,
          gammafunk_ghost_icy, nicolae_elevator_lobby_asterisk, uniq_sigmund,
          uniq_robin
D:5:      layout_loops_ring, okawaru_gym_becter, kennysheep_little_box,
          mainiacjoe_overflow_cross_hatched, gammafunk_ghost_cemetery,
          kennysheep_path_1, kennysheep_generic_room_5, uniq_crazy_yiuf_cottage
D:6:      layout_cave_pods, mainiacjoe_overflow_brackets, old_standard_altar,
          nrook_mini_vaults, minivault_4, hangedman_minor_gate_pass
D:7:      layout_loops_ring, gup_ossuary_entry_pyramid,
          gammafunk_ghost_wrathful_warriors
D:8:      layout_rooms, fiery_altar_vehumet, mainiacjoe_overflow_alcove_3,
          minmay_misc_feat_encased, minmay_manual_monstrance
D:9:      layout_roguey, mainiacjoe_overflow_chevrons, lair_entry_dummy,
          serial_shops, nicolae_diamond_shop
D:10:     layout_long_grid, amcnicky_altar_gilded, orc_0_dummy, enter_bailey_2
D:11:     layout_stronghold
D:12:     layout_stronghold, minmay_misc_feat_rows, minmay_door_square,
          feat_on_display
D:13:     layout_gridville
D:14:     layout_roguey, david_vaults_5, minivault_23, uniq_roxanne
D:15:     grunt_enter_depths_snipers, layout_basic,
          nicolae_figureground_sparkle,
          ploomutoo_gammafunk_ghost_potion_laboratory,
          portal_ice_cave_entry_pillars_three, uniq_kirke
Temple:   nicolae_temple_godpark
Lair:1:   layout_gridlike
Lair:2:   layout_gridlike, swamp_mist_pool, spider_nest_entry_webs,
          gammafunk_ghost_berserking_beasts, dreamdust_gnoll_shepherd,
          lemuel_fruit_tree, serial_bayou_shore_a
Lair:3:   layout_cave_pods
Lair:4:   layout_long_grid, grunt_megastairs_3, lemuel_fruit_fields,
          infiniplex_staircase_pool
Lair:5:   due_jungle_book, layout_small_grid, slime_entry_2,
          gammafunk_ghost_necromancy, dpeg_oklob_1
Orc:1:    layout_caves, serial_shops, nicolae_shop_hallway_plus,
          hellmonk_guarded_unrand_dark_maul
Orc:2:    st_orc_elflike, layout_caves, uniq_urug, uniq_snorg

Skill      XL: |  1  2  3  4  5  6  7  8  9 10 11 12 13 14 15 16 |
---------------+-------------------------------------------------+-----
Shields        | 3 4 5 6 7 8 9 10 11 12 13 | 13.1
Unarmed Combat | 3 4 5 6 8 10 11 13 14 16 17 19 | 19.3
Fighting       | 3 4 5 6 7 8 9 10 11 12 13 | 13.1
Dodging        | 3 4 6 7 8 9 |  9.9

Action                   |  1- 3 |  4- 6 |  7- 9 | 10-12 | 13-15 | 16-18 || total
-------------------------+-------+-------+-------+-------+-------+-------++-------
Melee: Unarmed           |    83 |   172 |   351 |   580 |  1153 |    78 ||  2417
       Whip              |       |       |       |     8 |     7 |       ||    15
Throw: Dart              |       |     6 |     8 |    44 |    24 |       ||    82
       Boomerang         |       |       |     1 |     3 |    35 |       ||    39
Invok: Whirlwind         |       |       |       |    77 |   103 |     5 ||   185
       Lunge             |       |       |       |    40 |    88 |     8 ||   136
Evoke: Wand              |       |       |       |       |    30 |       ||    30
       Phantom mirror    |       |       |       |       |     3 |       ||     3
  Use: Scroll            |       |       |    14 |    12 |    12 |     2 ||    40
       Potion            |       |       |     5 |     2 |       |     1 ||     8
 Stab: Sleeping          |       |     1 |       |       |       |       ||     1
Armor: Robe              |    17 |    30 |    77 |    27 |       |       ||   151
       Acid dragon scale |       |       |       |    58 |   172 |     9 ||   239
       Skin              |       |       |       |     7 |       |       ||     7
Dodge: Dodged            |    24 |    56 |   194 |   222 |   332 |    15 ||   843
Block: Kite shield       |    26 |    65 |   156 |   266 |   494 |    45 ||  1052
       Reflection        |       |       |       |       |     6 |       ||     6
